NYP
SPOKANE INDIANS @ CHICAGO (NYP) WHITE SOX
07/31/2045
 
TOP OF THE 1ST
Spokane Indians batting - Pitching for Chicago (NYP) White Sox : RHP Travis Stump
Pitching: RHP Travis Stump
Batting: RHB Dennis Daniels 0-0: Ground out 4-3 (Groundball, 4, EV 95.6 MPH)
Batting: RHB George King 0-0: Called Strike
0-1: Foul Ball, location: 2F
0-2: Hit by Pitch
Batting: LHB Alfonso Collazo 0-0: Called Strike
0-1: Called Strike
0-2: SINGLE (Line Drive, 56D, EV 96.2 MPH)
George King to second
Runner from 2nd tries for 3rd, SAFE, no throw by LF
Batting: LHB Mike Sammons 0-0: Ball
1-0: Called Strike
1-1: Ball
2-1: Ball
3-1: Base on Balls
Alfonso Collazo to second
Batting: LHB Dave Doughty 0-0: Ball
1-0: DOUBLE (Groundball, 3L, EV 105.6 MPH)
George King scores
Alfonso Collazo scores
Mike Sammons to third
Batting: RHB Shoh Tanioka 0-0: Called Strike
0-1: SINGLE (Line Drive, 56D, EV 93.8 MPH)
Mike Sammons scores
Dave Doughty to third
Batting: RHB Dale Aubrey 0-0: Called Strike
0-1: Ball
1-1: Ball
2-1: Fielders Choice at 2nd, 5-4 (Groundball, 5, EV 91.2 MPH)
Dave Doughty scores
Batting: RHB Brandon Davis 0-0: Ball
1-0: Foul Ball, location: 2F
1-1: Ball
2-1: Ball
Dale Aubrey steals 2nd base
3-1: Called Strike
3-2: Foul Ball, location: 2F
3-2: Foul Ball, location: 2F
3-2: Fly out, F8 (Flyball, 8LD, EV 88.1 MPH)
Top of the 1st over - 4 runs, 3 hits, 0 errors, 1 left on base; Spokane 4 - Chicago (NYP) 0
BOTTOM OF THE 1ST
Chicago (NYP) White Sox batting - Pitching for Spokane Indians : LHP Leonor Bem
Pitching: LHP Leonor Bem
Batting: RHB Josiah Wright 0-0: Foul Ball, location: 2F
0-1: Ball
1-1: Ball
2-1: Ball
3-1: Foul Ball, location: 2F
3-2: DOUBLE (Groundball, 5L, EV 100.6 MPH)
Batting: SHB Ruben Velasco Jr. 0-0: Ball
1-0: Ball
2-0: Called Strike
2-1: Fly out, F4 (Popup, 4M, EV 60.6 MPH)
Batting: RHB Vic Lucatero 0-0: Foul Ball, location: 2F
0-1: Swinging Strike
0-2: Ball
1-2: Ball
2-2: Strikes out swinging
Batting: LHB Ryan Dyal 0-0: Foul Ball, location: 2F
0-1: Ground out 5-3 (Groundball, 5L, EV 83.8 MPH)
Bottom of the 1st over - 0 runs, 1 hit, 0 errors, 1 left on base; Spokane 4 - Chicago (NYP) 0
TOP OF THE 2ND
Spokane Indians batting - Pitching for Chicago (NYP) White Sox : RHP Travis Stump
Batting: RHB Roberto Gonzalez 0-0: Called Strike
0-1: Foul Ball, location: 2F
0-2: Ball
1-2: Strikes out swinging
Batting: RHB Dennis Daniels 0-0: Foul Ball, location: 2F
0-1: SINGLE (Groundball, 4D, EV 103.8 MPH)
Batting: RHB George King 0-0: Ball
Dennis Daniels steals 2nd base
1-0: TRIPLE (Flyball, 8RXD, EV 100.6 MPH)
Dennis Daniels scores
Batting: LHB Alfonso Collazo 0-0: Ball
1-0: Foul Ball, location: 2F
1-1: Foul Ball, location: 2F
1-2: 2-RUN HOME RUN (Flyball, 9D, EV 97.5 MPH), Distance : 378 ft
Pitching: LHP Ruben de Leon
Batting: LHB Mike Sammons 0-0: Ball
1-0: Foul Ball, location: 2F
1-1: Foul Ball, location: 2F
1-2: Ball
2-2: Foul Ball, location: 2F
2-2: Fly out, F6 (Popup, 6M, EV 48.8 MPH)
Batting: LHB Dave Doughty 0-0: Foul Ball, location: 2F
0-1: Ball
1-1: Ball
2-1: Called Strike
2-2: Ball
3-2: Fly out, F9 (Line Drive, 9, EV 85.6 MPH)
Top of the 2nd over - 3 runs, 3 hits, 0 errors, 0 left on base; Spokane 7 - Chicago (NYP) 0
BOTTOM OF THE 2ND
Chicago (NYP) White Sox batting - Pitching for Spokane Indians : LHP Leonor Bem
Batting: LHB Josh Pittman 0-0: Called Strike
0-1: Ball
1-1: Swinging Strike
1-2: Ball
2-2: Ball
3-2: Foul Ball, location: 2F
3-2: Foul Ball, location: 2F
3-2: Strikes out swinging
Batting: RHB Victor Orozco 0-0: Ball
1-0: Called Strike
1-1: Foul Ball, location: 2F
1-2: Ball
2-2: Strikes out looking
Batting: LHB Herkko Haavikko 0-0: Called Strike
0-1: Called Strike
0-2: Fly out, F7 (Flyball, 7LS, EV 85.0 MPH)
Bottom of the 2nd over - 0 runs, 0 hits, 0 errors, 0 left on base; Spokane 7 - Chicago (NYP) 0
TOP OF THE 3RD
Spokane Indians batting - Pitching for Chicago (NYP) White Sox : LHP Ruben de Leon
Batting: RHB Shoh Tanioka 0-0: Ball
1-0: Called Strike
1-1: Called Strike
1-2: Ball
2-2: Strikes out swinging
Batting: RHB Dale Aubrey 0-0: Called Strike
0-1: Ball
1-1: Ball
2-1: Foul Ball, location: 2F
2-2: Reached on error, E5 (Groundball, 56S, EV 83.8 MPH)
Batting: RHB Brandon Davis 0-0: Ball
1-0: Ball
2-0: Ball
3-0: Called Strike
3-1: Called Strike
3-2: SINGLE (Line Drive, 6D, EV 98.8 MPH)
Dale Aubrey to third
Runner from 3rd tries for Home, throw by LF and OUT! 7-2
Batting: RHB Roberto Gonzalez 0-0: Called Strike
Brandon Davis steals 2nd base
0-1: Foul Ball, location: 2F
0-2: Foul Ball, location: 2F
0-2: Ball
1-2: Foul Ball, location: 2F
1-2: Foul Ball, location: 2F
1-2: Foul Ball, location: 2F
1-2: Strikes out swinging
Top of the 3rd over - 0 runs, 1 hit, 1 error, 1 left on base; Spokane 7 - Chicago (NYP) 0
BOTTOM OF THE 3RD
Chicago (NYP) White Sox batting - Pitching for Spokane Indians : LHP Leonor Bem
Batting: LHB Adam Tarbutton 0-0: Ball
1-0: Swinging Strike
1-1: Called Strike
1-2: Ball
2-2: Strikes out swinging
Batting: RHB Blake Kelly 0-0: Called Strike
0-1: Ball
1-1: Fly out, F9 (Flyball, 9S, EV 83.1 MPH)
Batting: RHB Josiah Wright 0-0: Ball
1-0: Ball
2-0: Called Strike
2-1: Ground out 4-3 (Groundball, 4M, EV 85.0 MPH)
Bottom of the 3rd over - 0 runs, 0 hits, 0 errors, 0 left on base; Spokane 7 - Chicago (NYP) 0
TOP OF THE 4TH
Spokane Indians batting - Pitching for Chicago (NYP) White Sox : LHP Ruben de Leon
Batting: RHB Dennis Daniels 0-0: Ball
1-0: Swinging Strike
1-1: Ball
2-1: Foul Ball, location: 2F
2-2: Foul Ball, location: 2F
2-2: Ball
3-2: Base on Balls
Batting: RHB George King 0-0: Called Strike
0-1: Foul Ball, location: 2F
0-2: Foul Ball, location: 2F
0-2: Strikes out swinging
Batting: RHB Josh Hamilton 0-0: Called Strike
0-1: Ball
1-1: Swinging Strike
1-2: Foul Ball, location: 2F
1-2: Strikes out swinging
Dennis Daniels steals 2nd base
Batter strikes out.
Batting: LHB Mike Sammons 0-0: Ball
Wild Pitch!
Dennis Daniels to third
1-0: Ball
2-0: Ball
3-0: Base on Balls
Batting: LHB Dave Doughty 0-0: Ball
1-0: Ground out U3 (Groundball, 3, EV 109.4 MPH)
Top of the 4th over - 0 runs, 0 hits, 0 errors, 2 left on base; Spokane 7 - Chicago (NYP) 0
BOTTOM OF THE 4TH
Chicago (NYP) White Sox batting - Pitching for Spokane Indians : LHP Leonor Bem
Batting: SHB Ruben Velasco Jr. 0-0: Called Strike
0-1: Swinging Strike
0-2: Foul Ball, location: 2F
0-2: Fly out, F4 (Flyball, 4D, EV 76.2 MPH)
Batting: RHB Vic Lucatero 0-0: Ground out 1-3 (Groundball, 34S, EV 60.0 MPH)
Batting: LHB Ryan Dyal 0-0: Ball
1-0: Foul Ball, location: 2F
1-1: Ball
2-1: Fly out, F9 (Flyball, 9LS, EV 93.1 MPH)
Bottom of the 4th over - 0 runs, 0 hits, 0 errors, 0 left on base; Spokane 7 - Chicago (NYP) 0
TOP OF THE 5TH
Spokane Indians batting - Pitching for Chicago (NYP) White Sox : LHP Ruben de Leon
Batting: RHB Shoh Tanioka 0-0: Ball
1-0: Ball
2-0: Called Strike
2-1: Ball
3-1: Base on Balls
Batting: RHB Dale Aubrey 0-0: Ball
1-0: Foul Ball, location: 2F
1-1: Ball
2-1: Ball
3-1: Base on Balls
Shoh Tanioka to second
Batting: RHB Brandon Davis 0-0: Called Strike
0-1: SINGLE (Groundball, 6M, EV 91.9 MPH) (infield hit)
Shoh Tanioka to third
Dale Aubrey to second
Batting: RHB Roberto Gonzalez 0-0: Called Strike
0-1: Called Strike
0-2: Ball
Passed Ball!
Shoh Tanioka scores
Dale Aubrey to third
Brandon Davis to second
1-2: Foul Ball, location: 2F
1-2: Foul Ball, location: 2F
1-2: Ball
2-2: Foul Ball, location: 2F
2-2: Ground out 5-3 (Groundball, 56, EV 79.4 MPH)
Dale Aubrey scores
Pitching: RHP Jae-weong Lee
Batting: RHB Dennis Daniels 0-0: Ball
1-0: Called Strike
1-1: Ball
2-1: Foul Ball, location: 2F
2-2: Ball
3-2: Fly out, F9 (Line Drive, 9, EV 91.2 MPH)
Batting: RHB George King 0-0: Ball
1-0: Called Strike
1-1: Fly out, F7 (Flyball, 78S, EV 86.2 MPH)
Top of the 5th over - 2 runs, 1 hit, 0 errors, 1 left on base; Spokane 9 - Chicago (NYP) 0
BOTTOM OF THE 5TH
Chicago (NYP) White Sox batting - Pitching for Spokane Indians : LHP Leonor Bem
Batting: LHB Josh Pittman 0-0: Ball
1-0: Ball
2-0: Ground out 6-3 (Groundball, 6, EV 90.0 MPH)
Batting: RHB Victor Orozco 0-0: Ball
1-0: Ball
2-0: Fly out, F8 (Flyball, 8RS, EV 82.5 MPH)
Batting: LHB Herkko Haavikko 0-0: Ball
1-0: SINGLE (Line Drive, 8LS, EV 111.2 MPH)
Batting: LHB Adam Tarbutton 0-0: Called Strike
0-1: Ball
1-1: Foul Ball, location: 2F
1-2: Strikes out swinging
Bottom of the 5th over - 0 runs, 1 hit, 0 errors, 1 left on base; Spokane 9 - Chicago (NYP) 0
TOP OF THE 6TH
Spokane Indians batting - Pitching for Chicago (NYP) White Sox : RHP Jae-weong Lee
Batting: RHB Josh Hamilton 0-0: Ball
1-0: Ground out 1-3 (Groundball, 34S, EV 70.6 MPH)
Batting: LHB Mike Sammons 0-0: Ball
1-0: Ball
2-0: Ball
3-0: Base on Balls
Batting: LHB Dave Doughty 0-0: Ball
1-0: Foul Ball, location: 2F
1-1: Ball
2-1: Foul Ball, location: 2F
2-2: Foul Ball, location: 2F
2-2: TRIPLE (Flyball, 89XD, EV 105.0 MPH)
Mike Sammons scores
Batting: RHB Shoh Tanioka 0-0: Ball
1-0: Foul Ball, location: 2F
1-1: Called Strike
1-2: Ball
2-2: Ball
3-2: Foul Ball, location: 2F
3-2: Foul Ball, location: 2F
3-2: Strikes out swinging
Batting: RHB Dale Aubrey 0-0: Called Strike
0-1: Ball
1-1: Called Strike
1-2: Ground out 5-3 (Groundball, 5, EV 102.5 MPH)
Top of the 6th over - 1 run, 1 hit, 0 errors, 1 left on base; Spokane 10 - Chicago (NYP) 0
BOTTOM OF THE 6TH
Chicago (NYP) White Sox batting - Pitching for Spokane Indians : LHP Leonor Bem
Batting: RHB Blake Kelly 0-0: Called Strike
0-1: Swinging Strike
0-2: Ball
1-2: Strikes out swinging
Batting: RHB Josiah Wright 0-0: Called Strike
0-1: Ball
1-1: Foul Ball, location: 2F
1-2: Ball
2-2: Foul Ball, location: 2F
2-2: SINGLE (Line Drive, 8RS, EV 92.5 MPH)
Batting: SHB Ruben Velasco Jr. 0-0: Ball
1-0: Ball
2-0: Foul Ball, location: 2F
2-1: Swinging Strike
2-2: Strikes out looking
Batting: RHB Vic Lucatero 0-0: Ball
Passed Ball!
Josiah Wright to second
1-0: Foul Ball, location: 2F
1-1: SINGLE (Groundball, 4MD, EV 95.6 MPH)
Josiah Wright to third
Runner from 3rd tries for Home, SAFE, throw by CF to home
Batting: LHB Ryan Dyal 0-0: Ball
1-0: Called Strike
Vic Lucatero steals 2nd base
1-1: Called Strike
1-2: Hit by Pitch
Batting: LHB Josh Pittman 0-0: Ball
1-0: SINGLE (Groundball, 34D, EV 110.6 MPH)
Vic Lucatero to third
Ryan Dyal to second
Runner from 3rd tries for Home, SAFE, throw by RF to home
Batting: RHB Victor Orozco 0-0: Called Strike
0-1: Ball
1-1: Called Strike
1-2: Fly out, F9 (Flyball, 9LM, EV 85.6 MPH)
Bottom of the 6th over - 2 runs, 3 hits, 0 errors, 2 left on base; Spokane 10 - Chicago (NYP) 2
TOP OF THE 7TH
Spokane Indians batting - Pitching for Chicago (NYP) White Sox : RHP Jae-weong Lee
Pinch Hitting: LHB Ben Radach 0-0: Swinging Strike
0-1: Ball
1-1: Fly out, F8 (Flyball, 8RD, EV 89.4 MPH)
Batting: RHB Roberto Gonzalez 0-0: Called Strike
0-1: Ball
1-1: Called Strike
1-2: Ball
2-2: Ground out 6-3 (Groundball, 6, EV 83.1 MPH)
Pinch Hitting: RHB Korekiyo Watanabe 0-0: Called Strike
0-1: Ball
1-1: Ball
2-1: Ball
3-1: Foul Ball, location: 2F
3-2: Base on Balls
Pinch Hitting: SHB Lorenzo Rubio 0-0: Ball
Korekiyo Watanabe steals 2nd base
1-0: Hit by Pitch
Batting: RHB Josh Hamilton 0-0: Called Strike
0-1: Ball
1-1: Foul Ball, location: 2F
1-2: Ball
2-2: Ball
3-2: Strikes out looking
Top of the 7th over - 0 runs, 0 hits, 0 errors, 2 left on base; Spokane 10 - Chicago (NYP) 2
BOTTOM OF THE 7TH
Chicago (NYP) White Sox batting - Pitching for Spokane Indians : LHP Leonor Bem
Now at 1B: Tony Mendez
Now at 2B: Harrison McLaughlin
Now at SS: Korekiyo Watanabe
Now in CF: Francisco Trejo
Pinch Hitting: LHB Jeff Alphonso 0-0: Foul Ball, location: 2F
0-1: Called Strike
0-2: Ball
1-2: Strikes out swinging
Batting: LHB Adam Tarbutton 0-0: Called Strike
0-1: Ball
1-1: Ball
2-1: Swinging Strike
2-2: Ball
3-2: Ground out 1-3 (Groundball, 15S, EV 65.6 MPH)
Batting: RHB Blake Kelly 0-0: Ball
1-0: Called Strike
1-1: Ball
2-1: Ball
3-1: Ground out 5-3 (Groundball, 56S, EV 84.4 MPH)
Bottom of the 7th over - 0 runs, 0 hits, 0 errors, 0 left on base; Spokane 10 - Chicago (NYP) 2
TOP OF THE 8TH
Spokane Indians batting - Pitching for Chicago (NYP) White Sox : RHP Jae-weong Lee
Now in RF: Jeff Alphonso
Batting: LHB Mike Sammons 0-0: Ball
1-0: Ball
2-0: Ball
3-0: Foul Ball, location: 2F
3-1: Base on Balls
Pitching: RHP Nate Davis
Batting: LHB Dave Doughty 0-0: Called Strike
0-1: Fielders Choice at 2nd, 3-6 (Groundball, 3, EV 102.5 MPH)
Pinch Hitting: RHB Tim Seggerman 0-0: Ball
1-0: Ball
2-0: Ball
3-0: Base on Balls
Dave Doughty to second
Batting: RHB Dale Aubrey 0-0: Ball
1-0: DOUBLE (Groundball, 5L, EV 100.0 MPH)
Dave Doughty scores
Tim Seggerman to third
Pinch Hitting: RHB Robby Adair 0-0: Ground out 5-3 (Groundball, 15, EV 89.4 MPH)
Tim Seggerman scores
Batting: SHB Harrison McLaughlin 0-0: Ball
1-0: Ball
2-0: Ball
3-0: Base on Balls
Pinch Hitting: LHB William Hanley 0-0: Ball
1-0: Foul Ball, location: 2F
1-1: Ball
Wild Pitch!
Dale Aubrey to third
Harrison McLaughlin to second
2-1: Swinging Strike
2-2: Foul Ball, location: 2F
2-2: Ground out U3 (Groundball, 3, EV 88.1 MPH)
Top of the 8th over - 2 runs, 1 hit, 0 errors, 2 left on base; Spokane 12 - Chicago (NYP) 2
BOTTOM OF THE 8TH
Chicago (NYP) White Sox batting - Pitching for Spokane Indians : LHP Leonor Bem
Pitching: LHP Tim McConnel
Now at 1B: Tim Seggerman
Now at 3B: Steve Haskins
Now at SS: Francisco Trejo
Now in LF: Robby Adair
Now in CF: Dale Aubrey
Batting: RHB Josiah Wright 0-0: Swinging Strike
0-1: Ball
1-1: Foul Ball, location: 2F
1-2: Ball
2-2: Foul Ball, location: 2F
2-2: Strikes out swinging
Pinch Hitting: RHB Chris LaMore 0-0: Ball
1-0: Foul Ball, location: 2F
1-1: Ball
2-1: Called Strike
2-2: Strikes out swinging, 2-3 out at first.
Batting: RHB Vic Lucatero 0-0: Swinging Strike
0-1: Ball
1-1: Foul Ball, location: 2F
1-2: Ball
2-2: Ball
3-2: Fly out, F7 (Flyball, 7S, EV 90.0 MPH)
Bottom of the 8th over - 0 runs, 0 hits, 0 errors, 0 left on base; Spokane 12 - Chicago (NYP) 2
TOP OF THE 9TH
Spokane Indians batting - Pitching for Chicago (NYP) White Sox : RHP Nate Davis
Now at 1B: Roberto Martinez
Pinch Hitting: LHB Gabriel Graves 0-0: Called Strike
0-1: Foul Ball, location: 2F
0-2: Ball
1-2: Strikes out looking
Batting: RHB Josh Hamilton 0-0: Foul Ball, location: 2F
0-1: Foul Ball, location: 2F
0-2: Strikes out looking
Batting: LHB Mike Sammons 0-0: Called Strike
0-1: Ground out 6-3 (Groundball, 6, EV 83.1 MPH)
Top of the 9th over - 0 runs, 0 hits, 0 errors, 0 left on base; Spokane 12 - Chicago (NYP) 2
BOTTOM OF THE 9TH
Chicago (NYP) White Sox batting - Pitching for Spokane Indians : LHP Tim McConnel
Now at 2B: Gabriel Graves
Now at 3B: Harrison McLaughlin
Now at SS: Steve Haskins
Pinch Hitting: RHB Carsten Koers 0-0: Called Strike
0-1: Ground out U3 (Groundball, 3S, EV 90.6 MPH)
Batting: LHB Josh Pittman 0-0: Ball
1-0: Foul Ball, location: 2F
1-1: Ground out 1-3 (Groundball, 15S, EV 65.6 MPH)
Pinch Hitting: RHB Gonçalo Burhil 0-0: Ball
1-0: Foul Ball, location: 2F
1-1: Foul Ball, location: 2F
1-2: Ground out 6-3 (Groundball, 6, EV 86.9 MPH)
Bottom of the 9th over - 0 runs, 0 hits, 0 errors, 0 left on base; Spokane 12 - Chicago (NYP) 2
Wednesday, June 22nd , 2022 - OOTP Baseball 23.4 Build 64